 Dungeon Crawl Stone Soup version 0.30-a0-292-g0f741e3f8e (webtiles) character file.

Game seed: 5196150756915086947

67 Flugkiller the Cutter (level 3, 0/27 HPs)
             Began as a Demonspawn Gladiator on Oct 17, 2022.
             Slain by a gnoll
             ... wielding a +0 spear
              (4 damage)
             ... on level 4 of the Dungeon.
             The game lasted 00:00:36 (714 turns).

Flugkiller the Cutter (Demonspawn Gladiator)         Turns: 714, Time: 00:00:37

Health: 0/27       AC:  4    Str: 14    XL:     3   Next: 98%
Magic:  3/3        EV: 12    Int:  9    God:
Gold:   78         SH:  0    Dex: 16    Spells: 2/2 levels left

rFire   . . .      SeeInvis .    a - +0 rapier
rCold   . . .      Faith    .    (no shield)
rNeg    . . .      Spirit   .    b - +0 leather armour
rPois   +          Reflect  .    c - +0 helmet
rElec   .          Harm     .    (no cloak)
rCorr   .          Rampage  .    (no gloves)
Will    .....                    (no boots)
Stlth   +.........               (no amulet)
HPRegen 0.24/turn                o - ring of poison resistance
MPRegen 0.08/turn                (no ring)

@: no status effects
A: spiny 2
a: no special abilities


You were on level 4 of the Dungeon.
You visited 1 branch of the dungeon, and saw 3 of its levels.

You collected 78 gold pieces.

Inventory:

Hand Weapons
 a - a +0 rapier (weapon)
Missiles
 d - 3 throwing nets (quivered)
 e - 5 javelins
Armour
 b - a +0 leather armour (worn)
 c - a +0 helmet (worn)
Jewellery
 h - a ring of ice
   (You found it on level 1 of the Dungeon)
 o - a ring of poison resistance (left hand)
   (You found it on level 1 of the Dungeon)
Scrolls
 g - a scroll of teleportation {unknown}
 k - a scroll of identify {unknown}
 l - a scroll of blinking {unknown}
Potions
 f - a potion of curing {unknown}
 i - a potion of lignification {unknown}
 j - a potion of heal wounds {unknown}


   Skills:
 - Level 2.0 Fighting
 + Level 4.4 Short Blades
 - Level 1.7 Throwing
 - Level 2.6 Dodging


You had 2 spell levels left.
You didn't know any spells.
Your spell library was empty.

Dungeon Overview and Level Annotations

Branches:
Dungeon (4/15) Zot: 17284
 Temple: D:4-7

Altars:


Innate Abilities, Weirdness & Mutations

You are mostly covered in sharp spines.


Message History

A giant cockroach is nearby!
A giant cockroach is nearby!
No target in view!
No target in view!
No target in view!
No target in view!
No target in view!
No target in view!
No target in view!
No target in view!
No target in view!
No target in view!
No target in view!
You hit the giant cockroach.
You kill the giant cockroach!
Your Short Blades skill increases to level 4!
No target in view!
No target in view!
No target in view!
No target in view!
No target in view!
No target in view!
l - a scroll labelled ZIJIAD GELAMOE
Found 5 poisoned darts.
A sourceless malevolence fills the Dungeon...
You fall into a shaft and drop 2 floors!
The shaft crumbles and collapses.
Found a stone staircase leading up.
You open the door.
There is an open door here.
You open the door.
There is an open door here.
As you open the door, it creaks loudly!
An adder comes into view.
The adder bites you but does no damage. The adder is struck by your spines.
The adder bites you but does no damage.
There is an open door here.
You hit the adder.
The adder is heavily wounded.
The adder is struck by your spines. The adder bites you but does no damage.
You closely miss the adder.
The adder is severely wounded.
The adder bites you but does no damage.
You miss the adder.
The adder is severely wounded.
The adder is struck by your spines.
You kill the adder!
No target in view!
An endoplasm comes into view.
The endoplasm quivers.
An endoplasm is nearby!
An endoplasm is nearby!
You hit the endoplasm.
The endoplasm is heavily wounded.
The endoplasm freezes you.
You are frozen.
You hit the endoplasm.
You kill the endoplasm!
No target in view!
No target in view!
No target in view!
No target in view!
HP restored.
You open the door.
A gnoll comes into view. It is wielding a +0 spear.
The gnoll shouts!
You hear a shout! x2
A gnoll is nearby!
A gnoll is nearby!
A gnoll comes into view. It is wielding a +0 whip.
The gnoll shouts!
The gnoll is struck by your spines. The gnoll hits you with a +0 spear.
A gnoll comes into view. It is wielding a +0 flail.
There is an open door here.
You closely miss the gnoll.
The gnoll is lightly wounded.
The gnoll is struck by your spines. The gnoll hits you with a +0 spear.
You puncture the gnoll!
You kill the gnoll!
A gnoll comes into view. It is wielding a +0 spear.
You hit the gnoll.
The gnoll is lightly wounded.
You hit the gnoll.
The gnoll is heavily wounded.
The gnoll is struck by your spines. The gnoll hits you with a +0 whip.
You hit the gnoll.
You kill the gnoll!
You closely miss the gnoll. The gnoll is struck by your spines.
The gnoll hits you with a +0 flail.
You are too injured to fight recklessly!
You hit the gnoll.
The gnoll is moderately wounded.
The gnoll barely misses you.
You barely miss the gnoll.
The gnoll is moderately wounded.
The gnoll hits you with a +0 flail!
* * * LOW HITPOINT WARNING * * *
You closely miss the gnoll.
The gnoll is moderately wounded.
The gnoll hits you from afar with a +0 spear.
You die...

# +# #.########..#
+...........#
#...g)g.....#
###g#######
#.@.......#
#.........#
#.........#
#.........#
########.........#
#.......#####....#
#.......# #....#
+.......# #....#
#.......# #....#


You could see 2 gnolls.

Vanquished Creatures
  2 adders
  2 gnolls (D:4)
  3 endoplasms
  3 giant cockroaches
  4 hobgoblins (D:1)
  2 jackals (D:1)
  7 ball pythons
  3 bats (D:1)
  2 frilled lizards
  A goblin (D:1)
  A kobold (D:2)
30 creatures vanquished.

Notes
Turn   | Place    | Note
-------+----------+-------------------------------------------
     0 | D:1      | Flugkiller the Demonspawn Gladiator began the quest for the
                  | Orb.
     0 | D:1      | Reached XP level 1. HP: 16/16 MP: 1/1
     6 | D:1      | Noticed a snapping turtle
     6 | D:1      | Noticed a polar bear
     6 | D:1      | Noticed a wyvern
     7 | D:1      | Noticed an anaconda
     7 | D:1      | Noticed a wolf
    84 | D:1      | Reached skill level 3 in Short Blades
   106 | D:1      | Gained mutation: You are partially covered in sharp spines.
                  | [demonic ancestry]
   106 | D:1      | Reached XP level 2. HP: 22/22 MP: 2/2
   274 | D:1      | Found a faded altar of an unknown god.
   540 | D:2      | Gained mutation: You are mostly covered in sharp spines.
                  | [demonic ancestry]
   540 | D:2      | Reached XP level 3. HP: 26/27 MP: 3/3
   622 | D:2      | Reached skill level 4 in Short Blades
   656 | D:2      | You fall into a shaft and drop 2 floors!
   714 | D:4      | Slain by a gnoll

Illustrated notes

Levels and vault maps discovered:
D:1:      onia_arrival_zoo_common, layout_rooms,
          nicolae_ecumenical_snake_handling
D:2:      layout_basic, serial_shops, nicolae_shop_behind_doors
D:4:      layout_gridville

Skill      XL: |  1  2  3 |
---------------+----------+-----
Short Blades   | 3 4 |  4.4
Fighting       | |  2.0
Throwing       | |  1.7
Dodging        | |  2.6

Action                   || total
-------------------------++-------
Melee: Rapier            ||    55
 Stab: Sleeping          ||     1
Armor: Leather armour    ||    16
Dodge: Dodged            ||    30

Table legend: (Time is in decaauts)
 A = Elapsed time spent in this place.
 B = Non-inter-level travel time spent in this place.
 C = Inter-level travel time spent in this place.
 D = Time resting spent in this place.
 E = Time spent auto-exploring this place.
 F = Levels seen in this place.
 G = Mean time per level.
                   A        B        C        D        E       F      G
               +--------+--------+--------+--------+--------+-----+--------+
         Total |    714 |    693 |     21 |      0 |    539 |   3 |  238.0 |
       Dungeon |    714 |    693 |     21 |      0 |    539 |   3 |  238.0 |
               +--------+--------+--------+--------+--------+-----+--------+

Top non-repeatable levels by time:
     D:1: 527 daAuts
     D:2: 128 daAuts
     D:4: 57 daAuts
